Map: 强酸工厂 - 天梯版

Players

IIIIIIIIIIII - Winner!

  • Race: Terran Terran
  • League: Master
  • Spawn Location: 5:00

IIIlllIIIllI

  • Race: Protoss Protoss
  • League: Master
  • Spawn Location: 11:00

VOD

Have the link to the VOD?

Description

Time

  • Played on: July 7, 2018, 7:24 a.m.
  • Length: 18:05
Show
View Real Time Build Order
Export as new Build Order

IIIIIIIIIIII Terran - Winner!

Build Orders: Reaper Expand, MMM Bio 

Get SALT Encoding   

  12  0:00  SCV  
  13  0:12  SCV  
  14  0:20  Supply Depot  
  14  0:25  SCV  
  15  0:42  SCV  
  16  0:44  Barracks  
  16  0:47  Refinery  
  16  0:54  SCV  
  17  1:06  SCV  
  18  1:18  SCV  
  19  1:31  Orbital Command, Reaper  
  20  1:41  Command Center  
  20  1:56  Supply Depot  
  20  2:00  SCV  
  21  2:06  Factory  
  21  2:12  Refinery, Marine  
  22  2:16  SCV  
  23  2:28  SCV  
  24  2:34  Barracks  
  24  2:38  Barracks Reactor  
  24  2:40  SCV  
  25  2:50  Widow Mine  
  27  2:53  Orbital Command, SCV  
  28  3:05  SCV  
  29  3:12  Widow Mine  
  31  3:17  SCV  
  31  3:20  Marine x2  
  31  3:22  Barracks Tech Lab  
  31  3:23  SCV  
  34  3:27  Supply Depot  
  34  3:29  SCV  
  35  3:35  SCV  
  35  3:37  Bunker, Factory Tech Lab  
  35  3:40  Stimpack, Marine x2  
  35  3:41  SCV, Marine  
  39  3:48  Supply Depot  
  40  3:53  SCV x2  
  42  3:56  Siege Tank  
  42  3:58  Marine  
  42  3:59  Marine  
  47  4:05  SCV  
  47  4:09  SCV  
  49  4:10  Engineering Bay  
  49  4:15  Marine  
  49  4:16  Marine  
  51  4:18  SCV  
  51  4:20  Barracks  
  51  4:22  SCV  
  53  4:30  SCV  
  54  4:34  Starport, SCV  
  54  4:37  Terran Infantry Weapons Level 1  
  54  4:38  Factory Reactor  
  55  4:42  SCV  
  56  4:46  Missile Turret, SCV  
  56  4:52  Refinery, Marine  
  57  4:53  Marine x2  
  57  4:54  SCV  
  57  4:58  SCV  
  62  5:12  Supply Depot  
  62  5:23  Supply Depot  
  62  5:24  Factory Reactor  
  62  5:25  Supply Depot  
  62  5:27  Combat Shield  
  62  5:34  SCV, Marine x3, Medivac x2  
  70  5:41  Concussive Shells  
  70  5:43  Supply Depot  
  70  5:44  SCV  
  70  5:45  Marauder  
  70  5:46  SCV  
  70  5:49  Supply Depot  
  74  5:52  Marauder, Marine x2  
  74  5:57  SCV  
  79  5:59  SCV  
  79  6:01  Widow Mine x2  
  84  6:06  Marauder  
  84  6:08  Command Center  
  84  6:09  Supply Depot, SCV  
  87  6:12  Marine x2  
  87  6:14  Marauder  
  87  6:15  SCV  
  92  6:20  Refinery  
  92  6:21  SCV  
  92  6:23  Medivac x2  
  97  6:29  Marauder  
  97  6:31  SCV  
  97  6:32  Terran Infantry Armor Level 1  
  100  6:33  Supply Depot, SCV  
  100  6:34  Barracks  
  100  6:38  Barracks  
  101  6:43  SCV  
  101  6:45  SCV  
  103  6:48  Marauder, Marine x2  
  103  6:51  Marauder  
  109  6:55  SCV  
  109  6:56  Viking x2  
  109  6:58  Supply Depot, SCV  
  115  7:07  SCV  
  115  7:08  Marine x2  
  118  7:19  SCV x2  
  118  7:20  Orbital Command  
  118  7:21  Marauder x2  
  124  7:23  Barracks Tech Lab  
  124  7:26  Barracks Reactor, Marine x2  
  126  7:32  SCV x2  
  126  7:34  Viking x2  
  132  7:37  Missile Turret  
  132  7:42  Refinery  
  132  7:43  Refinery  
  132  7:44  SCV x2  
  134  7:46  SCV  
  134  7:48  Marauder x2  
  139  7:52  Armory  
  139  7:54  Engineering Bay  
  139  7:56  Marauder  
  141  8:00  Supply Depot  
  141  8:01  Supply Depot  
  141  8:04  Supply Depot  
  141  8:13  Ghost Academy  
  141  8:14  Supply Depot  
  141  8:21  Marine x2  
  141  8:22  SCV, Viking x2  
  141  8:23  Marauder x3, Supply Depot, Marine  
  141  8:24  Marine  
  156  8:27  Supply Depot  
  156  8:40  Supply Depot  
  156  8:42  Starport  
  156  8:44  Terran Infantry Armor Level 2, Terran Infantry Weapons Level 2  
  156  8:45  Terran Ship Weapons Level 1  
  156  8:50  Supply Depot  
  156  8:52  Supply Depot, Viking x2  
  162  8:59  Marine x2  
  162  9:01  Marine x2  
  170  9:17  Marine x2  
  170  9:19  Marine x2  
  170  9:22  Viking x2  
  170  9:23  Unknown  
  170  9:24  Viking x2  
  180  9:27  Unknown  
  182  9:31  Marauder  
  182  9:32  Marauder  
  182  9:35  Marauder, Unknown, Marine  
  182  9:36  Marine x2  
  191  9:42  Command Center  
  191  9:52  Viking x2  
  195  9:54  Viking x2  
  199  10:03  Barracks  
  199  10:05  Barracks  
  199  10:17  Missile Turret x2  
  199  10:18  Missile Turret  
  178  10:44  Marine x3  
  178  10:45  Marine  
  168  10:57  Barracks Tech Lab x2  
  168  11:02  Marine x3  
  168  11:04  Marine  
  171  11:05  Terran Infantry Armor Level 3, Terran Infantry Weapons Level 3  
  172  11:12  Unknown x3  
  172  11:13  Marauder x2  
  172  11:15  Marine x2  
  180  11:20  Marine x2  
  180  11:22  SCV  
  180  11:23  SCV x2  
  180  11:25  Terran Ship Weapons Level 2  
  185  11:27  Planetary Fortress  
  185  11:28  Refinery  
  185  11:30  Refinery  
  185  11:33  Marauder x2  
  185  11:34  Marauder x2  
  197  11:41  Marauder, Unknown  
  197  11:54  Marauder  
  197  11:55  Medivac x2  
  189  12:20  Medivac  
  189  12:21  Medivac  
  191  12:25  Medivac  
  193  12:34  Marauder x3  
  193  12:35  Marauder x2, Marine x3  
  189  12:47  Marine  
  162  12:53  Marine x3  
  162  12:56  Marauder x5  
  154  13:04  Barracks  
  154  13:05  Barracks, Marine  
  147  13:06  Barracks  
  147  13:10  Marine x2  
  147  13:11  Marine  
  142  13:13  Command Center  
  142  13:17  Marauder x3, Marine x2  
  144  13:22  Marine  
  139  13:28  Marine x3  
  139  13:35  Marauder x2  
  139  13:38  Marauder x2  
  139  13:39  Marauder  
  139  13:40  Marine  
  150  13:43  SCV x4  
  150  13:46  Marine x3  
  157  13:57  Marauder x2  
  157  13:58  Marine  
  157  14:00  Marauder x3  
  164  14:04  Marine x3  
  158  14:14  Barracks Tech Lab  
  158  14:15  Barracks Tech Lab x2  
  158  14:16  Marine  
  158  14:21  Marauder  
  143  14:39  Marine x4  
  128  14:45  Medivac  
  128  14:46  Unknown x2, Medivac x2  
  128  14:48  Medivac  
  128  14:49  Unknown x2  
  142  14:57  Marine x2  
  138  15:03  Unknown x3  
  138  15:04  Marauder x3  
  138  15:06  Planetary Fortress  
  144  15:11  Marauder, Unknown  
  144  15:13  Marine  
  147  15:15  Marauder x2, Unknown x2, Medivac  
  147  15:16  Medivac  
  147  15:18  Unknown x2  
  155  15:29  Marauder x4, Marine  
  166  15:36  Marauder x2, Marine  
  166  15:38  Missile Turret  
  157  15:48  Viking  
  138  15:50  Viking  
  138  15:52  Viking  
  138  15:54  Viking  
  142  15:59  Marauder  
  142  16:02  Marauder  
  146  16:04  Marauder  
  146  16:11  Marauder x3  
  154  16:21  Marauder  
  154  16:22  Marauder x2, Marine  
  154  16:23  Marauder, Marine  
  164  16:30  Viking  
  166  16:45  Viking x2  
  170  16:50  Viking  
  144  17:08  Orbital Command, Viking  
  154  17:22  Marauder  
  154  17:23  Marauder  
  154  17:26  Marauder, Unknown x2, Marine  
  157  17:34  Unknown  
  157  17:36  Marauder x3, Marine  
  164  17:43  Unknown  
Show
View Real Time Build Order
Export as new Build Order

IIIlllIIIllI Protoss 

Build Orders: 1 Gate Expand, Blink Stalkers, Colossus Rush 

Get SALT Encoding   

  12  0:00  Probe  
  13  0:13  Probe  
  14  0:17  Pylon  
  14  0:23  Probe  
  15  0:31  Probe  
  15  0:37  Gateway  
  15  0:39  Probe  
  16  0:47  Assimilator  
  17  0:51  Probe  
  18  1:03  Probe  
  19  1:15  Probe  
  20  1:26  Nexus  
  20  1:35  Cybernetics Core  
  20  1:37  Probe  
  21  1:45  Assimilator  
  21  1:53  Probe  
  22  1:54  Pylon  
  22  2:02  Stalker  
  22  2:06  Probe  
  23  2:13  Warp Gate  
  25  2:18  Probe  
  26  2:30  Probe  
  26  2:32  Stalker  
  26  2:36  Twilight Council  
  29  2:39  Probe x2  
  31  2:47  Probe x2  
  33  2:56  Probe x2  
  33  2:58  Blink  
  33  3:02  Stalker  
  37  3:08  Probe x2  
  39  3:21  Gateway  
  39  3:22  Gateway  
  39  3:25  Probe  
  40  3:27  Probe  
  40  3:30  Pylon  
  41  3:35  Shield Battery  
  41  3:39  Stalker  
  43  3:41  Probe  
  43  3:43  Probe  
  45  3:53  Probe  
  45  3:55  Robotics Facility  
  46  3:56  Probe  
  47  4:03  Assimilator  
  47  4:06  Probe  
  47  4:08  Probe  
  49  4:15  Pylon  
  49  4:18  Probe  
  49  4:20  Probe  
  51  4:24  Assimilator  
  51  4:25  Pylon  
  51  4:30  Probe  
  52  4:32  Probe  
  52  4:33  Stalker x3  
  59  4:42  Observer  
  60  4:47  Robotics Bay  
  60  4:48  Probe  
  60  4:49  Probe  
  62  4:54  Pylon  
  62  5:00  Observer, Probe  
  62  5:02  Nexus  
  62  5:04  Pylon  
  64  5:11  Stalker  
  64  5:12  Stalker  
  68  5:16  Observer, Pylon  
  68  5:27  Colossus  
  69  5:31  Probe x2  
  69  5:34  Extended Thermal Lance  
  71  5:42  Forge  
  77  5:46  Probe x2  
  79  6:01  Stalker x2  
  79  6:02  Stalker  
  85  6:08  Observer, Probe x2  
  87  6:11  Protoss Ground Weapons Level 1  
  87  6:12  Colossus  
  87  6:13  Pylon  
  87  6:16  Pylon  
  93  6:36  Stalker x2  
  93  6:38  Probe x2  
  93  6:39  Probe  
  100  6:44  Charge  
  100  6:45  Stalker  
  102  6:50  Probe x2  
  102  6:51  Probe  
  102  6:53  Gateway x2  
  105  6:56  Gateway x2  
  105  7:04  Probe x3  
  105  7:06  Colossus  
  105  7:07  Assimilator  
  108  7:12  Assimilator  
  114  7:16  Probe x3  
  114  7:20  Forge  
  114  7:22  Pylon  
  117  7:24  Pylon  
  117  7:28  Probe  
  117  7:29  Protoss Ground Armor Level 1  
  118  7:35  Templar Archives  
  118  7:46  Protoss Ground Weapons Level 2  
  118  7:48  Gateway x2  
  118  7:49  Gateway  
  118  7:54  Colossus  
  124  8:06  Pylon  
  124  8:07  Pylon  
  124  8:08  Pylon  
  124  8:10  Pylon  
  124  8:11  Psionic Storm  
  124  8:13  Zealot x2  
  124  8:14  Zealot x2  
  132  8:31  Nexus  
  132  8:33  Observer, Pylon  
  132  8:39  High Templar  
  132  8:40  High Templar x2  
  138  8:45  High Templar  
  138  8:46  Zealot x5  
  138  8:47  Warp Prism, Zealot  
  154  9:06  Protoss Ground Armor Level 2  
  154  9:07  Pylon  
  154  9:18  Warp Prism  
  154  9:20  Observer  
  154  9:29  Pylon  
  156  9:33  Zealot x6  
  156  9:34  Zealot x2  
  172  9:44  Pylon  
  172  9:57  Protoss Ground Weapons Level 3  
  172  10:03  Probe  
  172  10:04  Probe x3  
  176  10:07  Assimilator  
  176  10:11  Colossus, Assimilator  
  176  10:13  Pylon  
  182  10:15  Robotics Facility  
  182  10:18  Stalker x5  
  192  10:26  Pylon  
  192  10:33  Pylon  
  160  10:47  High Templar x3  
  160  10:48  High Templar, Zealot x5  
  160  10:49  Zealot  
  114  11:05  Colossus x2  
  114  11:09  High Templar x2, Zealot x2  
  114  11:10  Zealot x2  
  138  11:26  Protoss Ground Armor Level 3  
  138  11:28  Stalker x4  
  146  11:37  Zealot x4  
  154  11:57  Archon, High Templar  
  154  12:00  High Templar  
  154  12:01  Colossus, High Templar  
  160  12:02  Stalker x2  
  160  12:03  Stalker  
  164  12:20  Stalker x4  
  170  12:36  Stalker x2, Zealot x3  
  144  12:51  Zealot x2  
  144  12:52  Zealot x3  
  144  12:53  Colossus  
  144  12:54  Colossus  
  135  13:10  Zealot x4  
  115  13:21  Zealot x4  
  113  13:30  Zealot x2  
  111  13:40  Zealot x4  
  117  13:42  Colossus  
  117  13:46  Colossus, Zealot x4  
  129  14:08  Zealot x5  
  129  14:09  Zealot x5  
  133  14:34  Nexus  
  117  14:40  Colossus  
  117  14:45  Observer  
  95  15:01  Stalker  
  95  15:02  Stalker x3  
  95  15:03  Stalker x6  
  115  15:17  Protoss Shields Level 1  
  115  15:25  High Templar x4  
  115  15:26  High Templar x2  
  115  15:27  High Templar x2  
  115  15:28  Zealot x2  
  131  15:30  Archon x3  
  131  15:32  Archon  
  133  15:38  Observer  
  113  15:52  Stalker x2  
  113  15:53  Nexus  
  117  16:05  High Templar x2  
  117  16:06  High Templar x4  
  117  16:07  High Templar  
  131  16:18  Archon x3  
  131  16:24  Stalker  
  131  16:25  Stalker x2  
  137  16:46  Observer  
  137  16:48  Stalker x6  
  79  17:08  High Templar  
  79  17:09  High Templar  
  79  17:10  Zealot x2  
  87  17:25  Observer  
  87  17:32  High Templar, Zealot x3  
  87  17:33  Zealot x2  
  99  17:38  Pylon  
  99  17:49  Stalker x2  
Tags
 
Add a new tag
Caveats
  • Supply blocks, unpowered buildings, or Contaminate may cause inaccurate times.
  • Supply counts are checked every 10 seconds.